 Dungeon Crawl Stone Soup version 0.23-b1-84-g6588a6b (webtiles) character file.

Game seed: 9784512087202169155

947 FitzyFitz the Covert (level 8, 0/73 HPs)
             Began as a Naga Enchanter on Feb 8, 2019.
             Was an Initiate of Dithmenos.
             Splashed by a jelly's acid (6 damage)
             ... on level 6 of the Dungeon.
             The game lasted 00:19:42 (6482 turns).

FitzyFitz the Covert (Naga Enchanter)               Turns: 6482, Time: 00:19:43

Health: 0/73       AC: -4    Str: 13    XL:     8   Next: 13%
Magic:  3/11       EV: 15    Int: 15    God:    Dithmenos [......]
Gold:   369        SH:  0    Dex: 17    Spells: 2/11 levels left

rFire    . . .     SeeInvis +   b - +0 long sword
rCold    . . .     Gourm    .   (no shield)
rNeg     . . .     Faith    .   n - +2 animal skin
rPois    +         Spirit   .   p - +0 helmet
rElec    .         Reflect  .   (no cloak)
rCorr    .         Harm     .   i - +0 pair of gloves
MR       +....                  (no barding)
Stlth    +++++.....             (no amulet)
HPRegen  0.22/turn              (no ring)
MPRegen  0.12/turn              (no ring)

@: agile, corroded, very slow
A: large, see invisible, deformed body, poison resistance, slowness 2, slow
metabolism 1, spit poison 1, AC +2
a: Spit Poison, Renounce Religion


You were on level 6 of the Dungeon.
You worshipped Dithmenos.
Dithmenos was noncommittal.
You were hungry.

You visited 2 branches of the dungeon, and saw 7 of its levels.

You collected 369 gold pieces.

Inventory:

Hand Weapons
 a - a +1 dagger
 b - a +0 long sword (weapon)
 e - a +0 shortbow
 f - a +0 hunting sling
 g - a +1 vampiric whip
 o - a +1 spear of piercing
 u - a +0 quarterstaff
 w - a +0 rapier
 x - a +0 flail
 C - a +0 falchion
Missiles
 j - 11 poisoned needles
 y - 3 poisoned tomahawks (quivered)
 A - 54 arrows
Armour
 i - a +0 pair of gloves (worn)
 n - a +2 animal skin (worn)
 p - a +0 helmet (worn)
Scrolls
 h - a scroll of teleportation {unknown}
 k - 2 scrolls of immolation {unknown}
 l - a scroll of enchant weapon {unknown}
 q - 2 scrolls of fear {unknown}
 r - 2 scrolls of blinking {unknown}
 v - a scroll of remove curse
 B - a scroll of magic mapping
 E - a scroll of amnesia
Potions
 m - a potion of curing {unknown}
 s - 2 potions of heal wounds {unknown}
 t - 3 potions of might {unknown}
 z - 2 potions of resistance {unknown}
 F - a potion of brilliance {unknown}
Comestibles
 d - 3 rations


   Skills:
 + Level 4.3 Fighting
 + Level 2.4(2.9) Short Blades
 + Level 2.1(2.7) Long Blades
 - Level 1.5 Dodging
 - Level 9.3 Stealth
 - Level 2.0 Spellcasting
 + Level 5.4 Hexes


You had 2 spell levels left.
You knew the following spells:

 Your Spells              Type           Power        Failure   Level  Hunger
a - Corona                Hex            ###....      2%          1    #......
b - Ensorcelled Hibernat  Hex/Ice        #.....       11%         2    ###....
c - Confuse               Hex            ###.....     7%          3    ###....
d - Tukima's Dance        Hex            ###.....     7%          3    ###....

Your spell library contained the following spells:

 Spells                   Type           Power        Failure   Level  Hunger
 Dazzling Spray           Conj/Hex       #.....       22%         3    ###....


Dungeon Overview and Level Annotations

Branches:
Dungeon (6/15)             Temple (1/1) D:6

Altars:
Ashenzari
Cheibriados
Dithmenos
Elyvilon
Fedhas
Gozag
Hepliaklqana
Kikubaaqudgha
Makhleb
Nemelex Xobeh
Okawaru
Qazlal
Ru
Sif Muna
Trog
Uskayaw
Vehumet
Wu Jian
Xom
Yredelemnul
Zin
The Shining One


Innate Abilities, Weirdness & Mutations

You cannot wear boots.
Your serpentine skin is tough. (AC +2)
You have supernaturally acute eyesight. (SInv)
Armour fits poorly on your strangely shaped body.
Your system is resistant to poisons. (rPois)
You cover ground very slowly.
You have a slow metabolism.
You can spit poison.


Message History

* * * LOW HITPOINT WARNING * * *
The jelly is almost dead.
The jelly hits you.
* * * LOW HITPOINT WARNING * * *
The acid corrodes you!
You are splashed with acid!
* * * LOW HITPOINT WARNING * * *
The jelly closely misses you.
Casting: Confuse (safe; 7% risk of failure)
Confirm with . or Enter, or press ? or * to list all spells.
Okay, then.
Unknown command.
Okay, then.
Unknown command.
Okay, then.
Unknown command.
You feel agile all of a sudden. The jelly hits you.
* * * LOW HITPOINT WARNING * * *
You are splashed with acid.
You die...

######### #.......#
#.#####.# #.# #.#
#.# #@#
######.#####J#
#.............
#..............
#..............#
######.#+#.#########
.........#.#
######.#.#.# #.#.#.#


You could see a jelly.

Vanquished Creatures
  An ice beast (D:6)
  An ogre (D:4)
  A bullfrog (D:5)
  A scorpion (D:6)
  A howler monkey (D:5)
  A jelly (D:6)
  2 orc priests
  A centaur zombie (D:5)
  2 orc wizards (D:6)
  3 iguanas
  5 worker ants
  A worker ant zombie (D:5)
  Robin (D:3)
  7 adders
  2 shadow imps (D:5)
  An ooze (D:5)
  5 leopard geckos
  6 orcs
  7 giant cockroaches
  9 goblins
  8 hobgoblins
  16 jackals
  A quokka (D:6)
  2 ball pythons (D:4)
  4 bats
  3 frilled lizards
  4 kobolds
  A leopard gecko zombie (D:6)
  A quokka skeleton (D:4)
  8 rats
106 creatures vanquished.

Vanquished Creatures (collateral kills)
  An ogre (D:6)
1 creature vanquished.

Grand Total: 107 creatures vanquished

Notes
Turn   | Place    | Note
-------+----------+-------------------------------------------
     0 | D:1      | FitzyFitz the Naga Enchanter began the quest for the Orb.
     0 | D:1      | Reached XP level 1. HP: 15/15 MP: 3/3
   420 | D:1      | Reached skill level 5 in Stealth
   428 | D:1      | Reached XP level 2. HP: 7/22 MP: 5/5
   926 | D:1      | Learned a level 2 spell: Ensorcelled Hibernation
  1181 | D:2      | Reached skill level 6 in Stealth
  1616 | D:2      | Reached XP level 3. HP: 28/28 MP: 6/6
  2006 | D:3      | Found an ornate altar of the Wu Jian Council.
  2021 | D:3      | Reached skill level 7 in Stealth
  2025 | D:3      | Reached XP level 4. HP: 6/36 MP: 7/7
  2464 | D:3      | Noticed Robin
  2607 | D:3      | Killed Robin
  2607 | D:3      | Reached skill level 8 in Stealth
  2694 | D:3      | Found a burning altar of Makhleb.
  2696 | D:3      | Found a glowing silver altar of Zin.
  2697 | D:3      | Noticed an Executioner
  2697 | D:3      | Noticed an angel
  2931 | D:3      | Reached XP level 5. HP: 40/42 MP: 8/8
  3428 | D:3      | Learned a level 3 spell: Confuse
  3470 | D:4      | Noticed an ogre
  3520 | D:5      | Entered Level 5 of the Dungeon
  3529 | D:5      | Reached skill level 1 in Fighting
  4011 | D:4      | Reached skill level 9 in Stealth
  4058 | D:4      | Reached XP level 6. HP: 48/52 MP: 9/9
  4609 | D:4      | Learned a level 3 spell: Tukima's Dance
  4998 | D:5      | Reached XP level 7. HP: 62/62 MP: 10/10
  5449 | D:5      | Found a hazy altar of Hepliaklqana.
  5820 | D:6      | Reached skill level 5 in Hexes
  5912 | D:6      | Reached skill level 1 in Long Blades
  5968 | D:6      | Found a staircase to the Ecumenical Temple.
  5976 | Temple   | Entered the Ecumenical Temple
  5983 | Temple   | Became a worshipper of Dithmenos the Shadowed
  6230 | D:6      | Reached XP level 8. HP: 58/72 MP: 3/11
  6482 | D:6      | Splashed by a jelly's acid

Skill      XL: |  1  2  3  4  5  6  7  8 |
---------------+-------------------------+-----
Stealth        | 5 6 7 8 9 |  9.3
Fighting       | 1 3 4 |  4.3
Hexes          | 4 5 |  5.4
Long Blades    | 1 2 |  2.1
Short Blades   | 2 |  2.4
Dodging        | |  1.5
Spellcasting   | |  2.0

Action                   |  1- 3 |  4- 6 |  7- 9 || total
-------------------------+-------+-------+-------++-------
Melee: Dagger            |    79 |       |    29 ||   108
       Whip              |    13 |   252 |    17 ||   282
       Long sword        |       |       |    73 ||    73
 Cast: Ensorcelled Hiber |     1 |     1 |     6 ||     8
       Corona            |       |     2 |       ||     2
       Tukima's Dance    |       |     2 |     1 ||     3
       Confuse           |       |     1 |     8 ||     9
 Abil: Spit Poison       |    13 |    26 |     6 ||    45
  Use: Scroll            |     5 |       |     1 ||     6
       Potion            |       |       |     1 ||     1
 Stab: Sleeping          |     9 |     7 |     5 ||    21
       Confused          |       |       |     4 ||     4
  Eat: Chunk             |     3 |     6 |     4 ||    13
       Ration            |     2 |       |     1 ||     3
Armor: Leather armour    |    31 |    15 |       ||    46
       Animal skin       |       |    82 |    50 ||   132
Dodge: Dodged            |    60 |   165 |    70 ||   295
       Rpst.: Long sword |       |       |    12 ||    12
